 Dungeon Crawl Stone Soup version 0.22.0 (webtiles) character file.

1978 BigChef the Slasher (level 9, -10/61 HPs)
             Began as a Demonspawn Chaos Knight on Sept 3, 2018.
             Mangled by a snapping turtle (17 damage)
             ... on level 7 of the Dungeon.
             The game lasted 00:12:20 (5609 turns).

BigChef the Slasher (Demonspawn Chaos Knight)       Turns: 5609, Time: 00:12:20

Health: -10/61     AC: 13    Str: 11    XL:     9   Next: 1%
Magic:  0/9        EV:  6    Int: 15    God:    Xom [....*.]
Gold:   421        SH:  4    Dex: 10    Spells: 8/8 levels left

rFire    . . .     SeeInvis +   a - +0 falchion (chaos)
rCold    . . .     Gourm    .   (no shield)
rNeg     . . .     Faith    .   d - +0 chain mail
rPois    .         Spirit   +   u - +0 helmet
rElec    .         Reflect  .   w - +0 cloak
rCorr    .         Harm     .   (no gloves)
MR       +....                  i - +0 pair of boots
Stlth    ..........             (no amulet)
HPRegen  0.20/turn              h - ring of protection from magic
MPRegen  0.11/turn              q - ring of see invisible

@: no status effects
A: claws 1, large bone plates 1, clumsy 1, deterioration 2, frail 1, spiny 1,
weak 2, magic shield
a: Renounce Religion


You were on level 7 of the Dungeon.
You worshipped Xom.
You were a beloved toy of Xom.
You were hungry.

You visited 2 branches of the dungeon, and saw 8 of its levels.

You collected 421 gold pieces.

Inventory:

Hand Weapons
 a - a +0 falchion of chaos (weapon)
 n - a +0 club of chaos
Armour
 b - a +2 leather armour
 d - a +0 chain mail (worn)
 i - a +0 pair of boots (worn)
 u - a +0 helmet (worn)
 w - a +0 cloak (worn)
Jewellery
 h - a ring of protection from magic (left claw)
 k - a +3 ring of evasion
 m - an uncursed ring of poison resistance
 p - a cursed +5 ring of evasion
 q - a ring of see invisible (right claw)
Wands
 e - a wand of paralysis (15)
Scrolls
 f - 2 scrolls of teleportation
 g - a scroll of remove curse
 o - 3 scrolls of identify
 r - a scroll of magic mapping {unknown}
 s - a scroll of immolation {unknown}
 t - a scroll of acquirement {unknown}
 x - a scroll of amnesia {unknown}
 y - a scroll of fog {unknown}
 z - 3 scrolls of enchant weapon {unknown}
Potions
 j - 2 potions of brilliance
 l - a potion of flight
 v - a potion of ambrosia {unknown}
Comestibles
 c - 13 rations


   Skills:
 + Level 5.1 Fighting
 + Level 6.7 Long Blades
 + Level 5.0 Armour
 + Level 2.8 Dodging
 + Level 6.0 Stealth


You had 8 spell levels left.
You didn't know any spells.
Your spell library contained the following spells:

 Spells                   Type           Power        Failure   Level  Hunger
 Magic Dart               Conj           #...         100%        1    ##.....
 Iskenderun's Mystic Bla  Conj           #.......     100%        4    #####..
 Fulminant Prism          Conj/Hex       #.........   100%        4    #####..
 Dazzling Spray           Conj/Hex       #.....       100%        3    ####...
 Force Lance              Conj/Tloc      #.......     100%        4    #####..
 Searing Ray              Conj           #.....       100%        2    ###....


Dungeon Overview and Level Annotations

Branches:
Dungeon (7/15)             Temple (1/1) D:6

Altars:
Ashenzari
Cheibriados
Dithmenos
Elyvilon
Fedhas
Gozag
Hepliaklqana
Kikubaaqudgha
Makhleb
Nemelex Xobeh
Okawaru
Qazlal
Ru
Sif Muna
Trog
Uskayaw
Vehumet
Wu Jian
Xom
Yredelemnul
Zin
The Shining One

Shops:
D:6 !


Innate Abilities, Weirdness & Mutations

You have sharp fingernails.
You are partially covered in large bone plates. (SH +4)
You are partially covered in sharp spines.
When hurt, damage is shared between your health and your magic reserves.
You are clumsy. (Dex -2)
Your body often deteriorates upon taking damage.
You are frail. (-10% HP)
You are very weak. (Str -4)


Message History

You catch the helpless snapping turtle completely off-guard!
You hit the snapping turtle.
The snapping turtle seems to slow down.
You freeze the snapping turtle.
The snapping turtle is moderately wounded.
The snapping turtle is engulfed in seething chaos.
The snapping turtle seems less confused.
The snapping turtle is no longer moving slowly.
The snapping turtle barely misses you.
The snapping turtle bites you but does no damage.
The snapping turtle bites you from afar. "Serve the mortal, my children!"
The snapping turtle is struck by your spines.
The snapping turtle bites you!!
* * * LOW HITPOINT WARNING * * *
Things that are here:
a dagger; a robe You swap places.
The snapping turtle bites you from afar!!
You die...
Xom chuckles heartily!

..........#....#.#
#######......#.#.#
......# #(p###.#...#
.....+ ###> ###.###
....# #... #.#
...#.#.# #.#
..#.#t#####.#.#
#.#...555...#.#
#####.###@#######.#
###.......).........#
..........)#.#########
..#.###.###.....#
#.........#)#####
#.#####...#)#
#.....<#....#
########.#### ...#


You could see a snapping turtle, a friendly iron imp, a friendly crimson imp and
a friendly shadow imp.

Vanquished Creatures
  A wizard (D:7)
  An orc sorcerer (D:7)
  A spatial vortex (D:6)
  An ice beast (D:6)
  A sky beast (D:6)
  A centaur (D:5)
  2 crimson imps (D:5)
  Crazy Yiuf (D:6)
  A gnoll shaman (D:6)
  4 hounds
  A jelly (D:5)
  Jessica (D:3)
  Ijyb (D:4)
  A worker ant (D:6)
  2 hound skeletons
  3 gnolls (D:6)
  6 adders
  An ooze (D:2)
  4 worms
  An adder skeleton (D:4)
  5 dart slugs
  A dart slug (shapeshifter) (D:3)
  3 leopard geckos
  8 orcs
  A ball python (D:1)
  5 bats
  8 giant cockroaches
  7 goblins
  10 hobgoblins
  4 jackals (D:1)
  3 quokkas
  7 frilled lizards
  6 kobolds
  A quokka skeleton (D:6)
  4 rats
108 creatures vanquished.

Vanquished Creatures (collateral kills)
  An orc sorcerer (D:7)
1 creature vanquished.

Grand Total: 109 creatures vanquished

Notes
Turn   | Place    | Note
-------+----------+-------------------------------------------
     0 | D:1      | BigChef the Demonspawn Chaos Knight began the quest for the Orb.
     0 | D:1      | Reached XP level 1. HP: 18/18 MP: 1/1
    53 | D:1      | Reached skill level 1 in Dodging
    53 | D:1      | Gained mutation: When hurt, damage is shared between your health and your magic reserves. [demonic ancestry]
    53 | D:1      | Reached XP level 2. HP: 21/24 MP: 2/2
    57 | D:1      | XOM: harmless Summ miscast
   267 | D:1      | XOM: harmless Ice miscast
   397 | D:1      | XOM: divination: detect creatures
   428 | D:1      | Reached XP level 3. HP: 19/29 MP: 1/3
   920 | D:1      | Gained mutation: You are partially covered in large bone plates. (SH +4) [potion of mutation]
   920 | D:1      | Gained mutation: You have sharp fingernails. [potion of mutation]
   968 | D:2      | XOM: noise
  1175 | D:2      | XOM: silly message
  1514 | D:2      | Mutation became permanent: You are partially covered in large bone plates. (SH +4) [demonic ancestry]
  1514 | D:2      | Gained mutation: You are partially covered in large bone plates. (SH +4) [demonic ancestry]
  1514 | D:2      | Reached XP level 4. HP: 35/35 MP: 4/4
  1683 | D:2      | XOM: chaos upgrade
  1750 | D:2      | XOM: mild Conj miscast
  2063 | D:3      | Noticed Jessica
  2075 | D:3      | XOM: mild Ice miscast
  2082 | D:3      | Killed Jessica
  2127 | D:3      | Gained mutation: You are partially covered in sharp spines. [demonic ancestry]
  2127 | D:3      | Reached XP level 5. HP: 33/41 MP: 5/5
  2278 | D:3      | XOM: severe Summ miscast
  2279 | D:3      | Noticed a chaos spawn
  2279 | D:3      | Noticed a neqoxec
  2462 | D:4      | XOM: smoke on damage
  2462 | D:4      | XOM: torment (24/41 hp)
  2682 | D:4      | Noticed Ijyb
  2691 | D:4      | Killed Ijyb
  2926 | D:4      | Found a stormy altar of Qazlal.
  3150 | D:4      | XOM: give mutations
  3150 | D:4      | Gained mutation: You are dopey. (Int -2) [Xom's mischief]
  3150 | D:4      | Gained mutation: You are weak. (Str -2) [Xom's mischief]
  3150 | D:4      | Gained mutation: Your body sometimes deteriorates upon taking damage. [Xom's mischief]
  3175 | D:5      | Entered Level 5 of the Dungeon
  3218 | D:5      | XOM: 1-stop teleportation journey
  3221 | D:5      | Reached skill level 1 in Stealth
  3273 | D:5      | Noticed a centaur
  3273 | D:5      | XOM: smoke on damage
  3274 | D:5      | XOM: chaos upgrade
  3275 | D:5      | Found an opulent altar of Gozag.
  3277 | D:5      | XOM: divination: detect items
  3277 | D:5      | HP: 2/42 [centaur/arrow (1)]
  3278 | D:5      | XOM: 10-stop teleportation journey
  3603 | D:5      | XOM: give mutations
  3603 | D:5      | Gained mutation: Your body often deteriorates upon taking damage. [Xom's mischief]
  3603 | D:5      | Gained mutation: You are clumsy. (Dex -2) [Xom's mischief]
  3603 | D:5      | Gained mutation: You are very weak. (Str -4) [Xom's mischief]
  3603 | D:5      | Gained mutation: You are frail. (-10% HP) [Xom's mischief]
  3701 | D:5      | Reached XP level 6. HP: 43/43 MP: 6/6
  3895 | D:5      | XOM: give mutation
  3895 | D:5      | Lost mutation: You are dopey. (Int -2) [Xom's mischief]
  3913 | D:5      | XOM: enchant monster (good)
  3981 | D:5      | Found a bloodstained altar of Trog.
  4078 | D:5      | Reached skill level 5 in Long Blades
  4159 | D:5      | XOM: mild Necr miscast
  4203 | D:6      | Found Vaebaqub's Distillery.
  4242 | D:6      | Reached XP level 7. HP: 44/48 MP: 7/7
  4301 | D:6      | Found a sparkling altar of Nemelex Xobeh.
  4327 | D:6      | XOM: mild Necr miscast
  4468 | D:6      | XOM: 4-stop teleportation journey
  4528 | D:6      | XOM: mild Tloc miscast
  4529 | D:6      | Noticed a spatial vortex
  4540 | D:6      | Killed a spatial vortex
  4637 | D:6      | XOM: mild Summ miscast
  4649 | D:6      | Found a staircase to the Ecumenical Temple.
  4665 | Temple   | Entered the Ecumenical Temple
  4817 | Temple   | XOM: summons 1 hostile demon
  4866 | D:6      | Found a sacrificial altar of Ru.
  5005 | D:6      | XOM: scenery: create altars
  5128 | D:6      | Found a runed door.
  5132 | D:6      | Noticed Crazy Yiuf
  5141 | D:6      | Killed Crazy Yiuf
  5486 | D:7      | Noticed a wizard
  5486 | D:7      | Noticed an orc sorcerer
  5486 | D:7      | Noticed a wizard
  5488 | D:7      | Noticed an orc sorcerer
  5491 | D:7      | Noticed an ice devil
  5492 | D:7      | XOM: divination: detect creatures
  5494 | D:7      | Killed an orc sorcerer
  5494 | D:7      | Reached XP level 8. HP: 28/54 MP: 4/8
  5514 | D:7      | XOM: summons friendly ufetubus
  5516 | D:7      | XOM: summons 7 friendly demons
  5521 | D:7      | Killed an orc sorcerer
  5543 | D:7      | XOM: cloud trail
  5545 | D:7      | Killed a wizard
  5545 | D:7      | Reached skill level 5 in Fighting
  5545 | D:7      | Reached skill level 5 in Armour
  5545 | D:7      | Reached skill level 5 in Stealth
  5545 | D:7      | Mutation became permanent: You have sharp fingernails. [demonic ancestry]
  5545 | D:7      | Gained mutation: You have sharp fingernails. [demonic ancestry]
  5545 | D:7      | Reached XP level 9. HP: 29/61 MP: 6/9
  5590 | D:7      | XOM: divination: detect creatures
  5600 | D:7      | a wizard changed into a snapping turtle
  5608 | D:7      | XOM: summons 3 friendly demons
  5609 | D:7      | Mangled by a snapping turtle

Skill      XL: |  1  2  3  4  5  6  7  8  9 |
---------------+----------------------------+-----
Long Blades    | 3 4 5 6 |  6.7
Dodging        | 1 2 |  2.8
Armour         | 2 3 4 5 |  5.0
Stealth        | 1 4 5 6 |  6.0
Fighting       | 4 5 |  5.1

Action                   |  1- 3 |  4- 6 |  7- 9 || total
-------------------------+-------+-------+-------++-------
Melee: Falchion          |   150 |   206 |   112 ||   468
Evoke: Wand              |       |       |     1 ||     1
  Use: Potion            |     3 |     3 |     1 ||     7
       Scroll            |     3 |     3 |     2 ||     8
 Stab: Paralysed         |       |     3 |    16 ||    19
       Distracted        |       |     1 |       ||     1
       Confused          |       |     1 |     2 ||     3
  Eat: Chunk             |     1 |     4 |       ||     5
       Ration            |       |     3 |       ||     3
Armor: Leather armour    |    60 |    25 |       ||    85
       Chain mail        |       |    64 |    55 ||   119
Dodge: Dodged            |   101 |    57 |    15 ||   173
Block: Other             |    10 |    34 |    13 ||    57
       Rpst.: Falchion   |    38 |    20 |     5 ||    63
